← All builds
Geo / Armada / Economy first / OBSERVED BUILD

Standard geo

Armada Geo build order · Supreme Isthmus

Standard Geo economy into T2 constructor and Starlight/Jaguar units sent to front as usual, with support built for teammates along the way.

Usually blows up the commander for T2 (72%)

#eco #t2 #team support · 1325 distinct matches · 234 players · 55% of Armada Geo games · team won 55% of 1545 · Recently observed

HOW TO PLAY IT

Key timing: T2 constructor by 4:55

  1. Open 2 mex and wind, then Bot Lab by 0:35.
  2. Rush geothermal powerplant to fund T2 ahead of other roles.
  3. Get T2 constructor out to start building T2 units.
  4. Add Vehicle Plant and Advanced Geothermal for the T2 push.
  5. Fly first Starlight to front with a transport from Air.

Phase by phase

TYPICAL OF ITS 1325 GAMES
  1. 1
  2. 2
  3. 3
  4. 4
PLAY THE OPENING

Follow the example game's first 6:00 step by step: what to build now, what comes next, and where it goes. At 1× it keeps pace with your own game.

  1. 1

    Up to the Bot Lab

    Economy
    • Metal Extractor3Mex
    • Wind Turbine4Wind
    Order
    1. Bot LabBot Lab after 3 mex, 4 winddone ~1:12, middle half 0:58–1:21

    By 0:55 in all: 3 mex · 4 wind

    The example game in this phase · 3 steps
    1. Mex ×2
    2. Wind ×3
    3. Bot LabBot Labdone 0:52 · typical 1:12
  2. 2

    Bot Lab to 5:00

    Economy
    • Metal Extractor2Mex
    • Wind Turbine3Wind
    • Energy Converter8Converter
    • Energy Storage1Energy storage
    Order
    1. Geothermal PowerplantGeo after 4 mex, 5 wind, 1 energy storage
    2. Bot LabEat Bot Lab
    Builders
    • Construction Turret5 Con turret
    • Lazarus4 Lazarus
    • Construction Bot2 Con bot
    • Construction Bot1 Con bot for allies
    • Lazarus1 Lazarus for allies

    By 5:00 in all: 4 mex · 7 wind · 1 geo · 8 converter · 1 energy storage · 5 con turret

    The example game in this phase · 22 steps
    1. Wind
    2. Construction BotCon bot
    3. Wind ×4
    4. Construction BotCon botfor Beach sea
    5. Mex
    6. LazarusLazarus
    7. Wind ×2
    8. LazarusLazarus
    9. Energy storage
    10. Mex
    11. LazarusLazarusfor Beach sea
    12. LazarusLazarus
    13. Construction BotCon bot
    14. LazarusLazarus
    15. Geothermal PowerplantGeodone 3:40 · typical 3:29
    16. Con turret
    17. Energy storage ×2
    18. Converter
    19. Con turret
    20. Converter ×5
    21. Bot LabEat Bot Labreclaimed for its metal
    22. Converter ×2
  3. 3

    5:00 to Vehicle Plant

    Order
    1. Advanced Geothermal PowerplantAdvanced Geothermal Powerplant after 8 wind, 10 converter, 6 con turretin 57% of games
    2. Vehicle PlantVehicle Plant after 9 wind, 10 converter, 6 con turretdone ~7:06, middle half 6:39–7:32

    Some games also: con turret (49%) · converter (49%) · wind (41%)

    By 6:56 in all: 4 mex · 9 wind · 1 geo · 1 Advanced Geothermal Powerplant · 10 converter · 1 energy storage

    The example game in this phase · 9 steps
    1. Advanced Metal ExtractorT2 mexdone 5:57 · typical 5:38
    2. Con turret ×3
    3. Advanced Metal ExtractorT2 mex
    4. Con turret
    5. Advanced Metal ExtractorT2 mex
    6. Radar TowerRadar Tower
    7. Advanced Metal ExtractorT2 mex
    8. Advanced Geothermal PowerplantAdvanced Geothermal Powerplantdone 7:18 · typical 7:10
    9. Vehicle PlantVehicle Plantdone 7:24 · typical 7:06
  4. 4

    Vehicle Plant to 10:00

    Economy
    • Wind Turbine5Wind
    • Energy Converter4Converter
    Order
    1. Advanced Vehicle PlantAdvanced Vehicle Plant after 10 wind, 11 converter, 6 con turret
    2. Vehicle PlantEat Vehicle Plant
    Builders
    • Construction Vehicle1 Con vehicle
    • Advanced Construction Vehicle1 T2 con vehicle for allies
    Army
    • Starlight2 Starlight
    • Umbra1 Jammer
    • Prophet1 Radar vehicle

    Some games also: con turret (48%) · Jaguar (36%)

    By 10:00 in all: 4 mex · 18 wind · 1 geo · 1 Advanced Geothermal Powerplant · 16 converter · 1 energy storage

    The example game in this phase · 128 steps
    1. Dragon's TeethDragon's Teeth ×7
    2. Construction VehicleCon vehicle
    3. Dragon's TeethDragon's Teeth ×3
    4. GroundhogGroundhog
    5. Advanced Vehicle PlantAdvanced Vehicle Plantdone 8:12 · typical 8:01
    6. GroundhogGroundhog
    7. Dragon's TeethDragon's Teeth
    8. BeholderBeholder ×2
    9. Vehicle PlantEat Vehicle Plantreclaimed for its metal
    10. MauserMauser ×2
    11. BeholderBeholder
    12. MauserMauser
    13. UmbraJammer
    14. ProphetRadar vehicle
    15. ShredderShredderdone 8:36
    16. Medium MineMedium Mine ×2
    17. ShredderShredder
    18. Wind
    19. Medium MineMedium Mine ×2
    20. ShredderShredder
    21. Medium MineMedium Mine
    22. Advanced Construction VehicleT2 con vehiclefor Suicide front
    23. Medium MineMedium Mine
    24. Wind
    25. Medium MineMedium Mine ×2
    26. JaguarJaguar ×2
    27. Medium MineMedium Mine ×2
    28. Wind
    29. StarlightStarlightdone 9:43 · typical 9:03
    30. Medium MineMedium Mine
    31. Wind
    32. Medium MineMedium Mine ×3
    33. Wind
    34. Medium MineMedium Mine
    35. StarlightStarlight
    36. Medium MineMedium Mine
    37. Wind
    38. Medium MineMedium Mine ×5
    39. Wind
    40. UmbraJammer
    41. Medium MineMedium Mine ×2
    42. ProphetRadar vehicle
    43. Medium MineMedium Mine
    44. JaguarJaguar
    45. Medium MineMedium Mine
    46. Wind
    47. JaguarJaguar
    48. Medium MineMedium Mine ×2
    49. StarlightStarlight
    50. Medium MineMedium Mine ×5
    51. Con turret
    52. Medium MineMedium Mine
    53. StarlightStarlight
    54. Medium MineMedium Mine ×5
    55. JaguarJaguar ×2
    56. Medium MineMedium Mine
    57. JaguarJaguar
    58. Medium MineMedium Mine ×2
    59. JaguarJaguar
    60. Medium MineMedium Mine ×2
    61. JaguarJaguar
    62. Con turret
    63. Medium MineMedium Mine ×2
    64. Advanced Construction VehicleT2 con vehiclefor Geo sea
    65. Medium MineMedium Mine ×3
    66. JaguarJaguar
    67. Medium MineMedium Mine ×2
    68. JaguarJaguar
    69. Wind ×2
    70. JaguarJaguar
    71. Medium MineMedium Mine ×2
    72. Wind
    73. JaguarJaguar
    74. Converter
    75. AmbassadorAmbassadornot finished by 15:00
    76. StarlightStarlight
    77. Medium MineMedium Mine ×2
    78. Wind
    79. UmbraJammer
    80. ProphetRadar vehicle
    81. JaguarJaguar
    82. AmbassadorAmbassador
    83. Wind
    84. UmbraJammer
    85. ProphetRadar vehicle
    86. Medium MineMedium Mine ×2
    87. Wind
    88. UmbraJammer
    89. Wind
    90. Medium MineMedium Mine
    91. AmbassadorAmbassador
    92. Medium MineMedium Mine
    93. Converter
    94. Wind
    95. Medium MineMedium Mine
    96. AmbassadorAmbassador
    97. Medium MineMedium Mine
    98. Converter
    99. Medium MineMedium Mine
    100. Wind
    101. Medium MineMedium Mine
    102. Wind
    103. Medium MineMedium Mine ×2
    104. AmbassadorAmbassador
    105. Wind ×2
    106. Medium MineMedium Mine ×2
    107. Converter
    108. Medium MineMedium Mine
    109. Wind
    110. Medium MineMedium Mine
    111. Wind
    112. UmbraJammer
    113. Medium MineMedium Mine
    114. Wind
    115. Medium MineMedium Mine
    116. ProphetRadar vehicle
    117. Wind
    118. Medium MineMedium Mine
    119. Wind
    120. Medium MineMedium Mine
    121. ConsulConsul
    122. Wind
    123. Advanced Construction VehicleT2 con vehicle
    124. Medium MineMedium Mine ×2
    125. Wind
    126. Converter
    127. Medium MineMedium Mine ×2
    128. Wind

Counts are medians over the build's games: half of them build more, half fewer. The example game is iriS_xe's (33 OS, 25/09/2026); pick another.

Team trades

IN AT LEAST 30% OF ITS GAMES

You hand over

  • Lazarus1 Lazarus to Beach seafirst at 2:17 · in 75% of games
  • Construction Bot1 Con bot to Beach seafirst at 2:27 · in 87% of games
  • Advanced Construction Vehicle1 T2 con vehicle to Suicide front or Frontfirst at 8:47 · in 63% of games

You get

  • Advanced Construction Bot1 T2 con bot from Techfirst at 4:52 · in 94% of games

How it plays out

Typical game of this build, running totals by minute

Metal produced

020k40k
0:005:0010:0015:00

metal

Enemy metal destroyed

05k10k15k
0:005:0010:0015:00

metal

Own metal lost

02k4k6k
0:005:0010:0015:00

metal

1545 games.

Show as table
ByMetal produced: This buildEnemy metal destroyed: This buildOwn metal lost: This build
1:0033300
2:0085900
3:00152700
4:00267000
5:00369400
6:00563600
7:00802500
8:001134700
9:00144064384
10:0017275472194
11:00201231745520
12:002298936181605
13:002573358722970
14:002858682454420
15:0031355102015586
WHAT THE NUMBERS SAY

Standard Geo play wins about half its games while destroying the most enemy metal by 15:00 among the roles shown here.

  • + Enemy metal destroyed jumps to 10560 by 15:00, highest of all six builds.
  • + Starlight makes up 34% of army, delivering the long-range T2 push.
  • − Own metal lost reaches 5977 by 15:00 from the aggressive T2 push.
  • − First Starlight only arrives in 60% of games, a late or inconsistent push.
THE EXAMPLE YOU ARE READING

iriS_xe

32.6 OS · 25/09/2026

Open source match ↗

3 received units · includes a constructor
270 metal received · 125045 energy received

Allied construction assistance is unknown. Timings are observations, not a promise of solo reproducibility.

Typical milestones

Bot Lab1:12Middle 50%: 0:58–1:21 · n=1544
Geothermal Powerplant3:29Middle 50%: 3:13–3:47 · n=1536
Advanced Metal Extractor5:38Middle 50%: 5:21–6:01 · n=1536
Vehicle Plant7:06Middle 50%: 6:39–7:32 · n=1493
Advanced Geothermal Powerplant7:10Middle 50%: 6:51–7:42 · n=1118
Advanced Vehicle Plant8:01Middle 50%: 7:40–8:33 · n=1428
Starlight9:03Middle 50%: 8:32–9:46 · n=1290

Played most by

0neTw0120games of this buildzeus_on_god118games of this buildXad53games of this buildTheGeneraI46games of this buildViltrum41games of this build